 Dungeon Crawl Stone Soup version 0.29.0-15-g675c0067aa (webtiles) character file.

Game seed: 10130498434049266205

6218 LabCoat the Cleaver (level 10, -3/135 HPs)
             Began as a Hill Orc Fighter on Sept 11, 2022.
             Was a Priest of Trog.
             Killed by divine providence
             ... invoked by an orc priest
              (15 damage)
             ... on level 8 of the Dungeon.
             The game lasted 00:35:24 (8286 turns).

LabCoat the Cleaver (Hill Orc Fighter)              Turns: 8286, Time: 00:35:24

Health: -3/135     AC: 13    Str: 24    XL:     10   Next: 92%
Magic:  10/10      EV:  6    Int:  8    God:    Trog [***...]
Gold:   312        SH:  5    Dex: 10    Spells: 9/9 levels left

rFire   + + .      SeeInvis .   i - +6 war axe of Purpose {vorpal, rF++}
rCold   . . .      Faith    .   c - +0 buckler
rNeg    . . .      Spirit   .   j - +0 plate armour
rPois   .          Reflect  .   (no helmet)
rElec   .          Harm     .   (no cloak)
rCorr   .          Rampage  .   (no gloves)
Will    .....                   (no boots)
Stlth   ..........              f - amulet of regeneration
HPRegen 0.32/turn               s - ring of flight
MPRegen 0.12/turn               (no ring)

@: berserking, flying, very quick
A: no striking features
a: Renounce Religion, Convert to Beogh, Berserk, Trog's Hand


You were on level 8 of the Dungeon.
You worshipped Trog.
Trog was most pleased with you.
You visited 2 branches of the dungeon, and saw 9 of its levels.

You collected 312 gold pieces.

Inventory:

Hand Weapons
 a - a +3 flail of protection
 i - the +6 war axe of Purpose (weapon) {vorpal, rF++}
   (You found it on level 6 of the Dungeon)

   It inflicts extra damage upon your enemies.
   rF:        It greatly protects you from fire.
Missiles
 o - 9 poisoned darts
 q - a javelin (quivered)
 A - a throwing net
Armour
 c - a +0 buckler (worn)
 j - a +0 plate armour (worn)
Jewellery
 f - an amulet of regeneration (around neck)
 k - an amulet of faith
 p - an amulet of reflection
 s - a ring of flight (left hand)
Scrolls
 e - a scroll of acquirement
 g - 4 scrolls of enchant armour
 h - a scroll of magic mapping
 l - a scroll of summoning
 m - 4 scrolls of teleportation
 t - a scroll of brand weapon
 v - a scroll of fog {unknown}
 w - a scroll of enchant weapon
 x - a scroll of blinking
 y - a scroll of immolation
Potions
 b - a potion of cancellation
 n - 2 potions of brilliance
 r - a potion of flight {unknown}


   Skills:
 + Level 8.4 Fighting
 * Level 11.8 Axes
 + Level 5.3 Throwing
 + Level 7.7 Armour
 + Level 7.6 Shields
 + Level 5.1 Evocations


You had 9 spell levels left.
You didn't know any spells.
Your spell library contained the following spells:

 Spells                   Type           Power      Damage    Failure   Level
 Foxfire                  Conj/Fire      0%         2x1d4     100%        1
 Magic Dart               Conj           0%         1d3       100%        1
 Necrotise                Necr           0%         1d4       100%        1
 Poisonous Vapours        Pois/Air       0%         N/A       100%        2
 Conjure Flame            Conj/Fire      0%         6-21      100%        3
 Inner Flame              Hex/Fire       0%         N/A       100%        3
 Vampiric Draining        Necr           0%         2d6       100%        3
 Corpse Rot               Necr/Pois/Air  0%         N/A       100%        4
 Flame Wave               Conj/Fire      0%         2d4       100%        4
 Agony                    Necr           0%         N/A       100%        5


Dungeon Overview and Level Annotations

Branches:
Dungeon (8/15)             Temple (1/1) D:7            Lair (0/5) D:8

Altars:
Ashenzari
Dithmenos
Elyvilon
Fedhas
Gozag
Hepliaklqana
Kikubaaqudgha
Makhleb
Okawaru
Qazlal
Ru
Sif Muna
Trog
Uskayaw
Vehumet
Wu Jian
Xom
Yredelemnul
Zin
The Shining One
Beogh

Shops:
D:4 (

Annotations:
D:6 2 transporters, LabCoat's ghost, novice HOFi


Message History

You closely miss the orc priest. You hit the orc. The orc barely misses you.
The orc priest hits you but does no damage.
You slash the orc priest!
The orc priest is almost dead.
You barely miss the orc. You block the orc's attack.
The orc priest invokes the aid of Beogh against you.
You struggle to resist.
You closely miss the orc priest.
The orc priest is almost dead.
You hit the orc.
You kill the orc!
Trog accepts your kill.
The orc priest hits you with a +0 hand axe.
* * * LOW HITPOINT WARNING * * *
The orc priest shouts, "Beogh is our master!
Accept the truth or die!"
Okay, then.
You slash the orc priest!
You kill the orc priest!
Trog accepts your kill.
You hit the orc priest.
The orc priest hits you with a +0 short sword.
* * * LOW HITPOINT WARNING * * *
Okay, then.
A red film seems to cover your vision as you go berserk!
You feel yourself moving faster!
You feel mighty! The orc closely misses you.
The orc priest hits you with a +0 short sword.
* * * LOW HITPOINT WARNING * * *
You closely miss the orc priest.
The orc priest is moderately wounded.
You slash the orc!
You kill the orc!
Trog accepts your kill.
You closely miss the orc priest.
The orc priest is moderately wounded.
The orc priest hits you but does no damage.
You hit the orc priest.
The orc priest is severely wounded.
The orc priest calls down the wrath of Beogh upon you.
Beogh smites you!
You die...

.... .(~~~ .
#..~# ..###
...~# .....##
...~#
#....)###...~#
#.o@.....~##
##.))....~~~
### ##.........
#.## ##......##
##.## #)..####
##.## #)).###
##.## #.....###
##.###
#........
#...###........


You could see an orc priest.

Vanquished Creatures
  A two-headed ogre (D:6)
  A hornet (D:8)
  Sigmund (D:5)
  4 yaks (D:8)
  Eustachio (D:6)
  3 wyverns (D:8)
  A basilisk (D:8)
  4 water moccasins (D:8)
  2 black bears
  5 orc warriors
  An ice beast (D:5)
  2 ogres (D:5)
  2 phantoms
  2 kobold brigands (D:8)
  A bullfrog (D:7)
  3 necrophages (D:5)
  2 scorpions
  8 wights
  3 killer bees (D:8)
  3 jellies
  3 gnoll boudas
  5 orc priests
  4 hounds
  6 iguanas
  9 orc wizards
  A statue (D:7)
  12 gnolls
  7 adders
  A shadow imp (D:7)
  2 white imps
  3 ufetubi
  A dart slug (D:4)
  2 worms
  51 orcs
  4 endoplasms
  4 giant cockroaches
  5 hobgoblins
  7 jackals
  5 quokkas
  5 ball pythons
  9 bats
  4 frilled lizards
  9 goblins
  16 kobolds
  5 rats
  A spectral orc (D:5)
231 creatures vanquished.

Vanquished Creatures (collateral kills)
  An acid dragon (D:5)
  An orc warrior (D:5)
2 creatures vanquished.

Vanquished Creatures (others)
  2 fungi (D:8)
  17 plants
19 creatures vanquished.

Grand Total: 252 creatures vanquished

Notes
Turn   | Place    | Note
-------+----------+-------------------------------------------
     0 | D:1      | LabCoat the Hill Orc Fighter began the quest for the Orb.
     0 | D:1      | Reached XP level 1. HP: 19/19 MP: 1/1
    47 | D:1      | Reached skill level 3 in Axes
   159 | D:1      | Reached XP level 2. HP: 18/27 MP: 2/2
   293 | D:1      | Found a faded altar of an unknown god.
   330 | D:1      | Reached XP level 3. HP: 33/33 MP: 3/3
  1541 | D:2      | Reached skill level 4 in Axes
  1545 | D:2      | Reached XP level 4. HP: 40/40 MP: 4/4
  1933 | D:3      | Noticed a scorpion
  1940 | D:3      | Killed a scorpion
  1941 | D:3      | Reached XP level 5. HP: 41/47 MP: 5/5
  2745 | D:4      | Reached skill level 1 in Throwing
  2749 | D:4      | Reached skill level 5 in Axes
  2785 | D:4      | Found a shadowy altar of Dithmenos.
  2790 | D:4      | Noticed a phantom
  2799 | D:4      | Killed a phantom
  2800 | D:4      | Reached XP level 6. HP: 52/55 MP: 6/6
  2889 | D:4      | Noticed a black bear
  2897 | D:4      | Killed a black bear
  2898 | D:4      | Reached skill level 5 in Fighting
  3245 | D:4      | Reached skill level 6 in Axes
  3286 | D:4      | Found Kiugeq's Firing Range.
  3442 | D:5      | Entered Level 5 of the Dungeon
  3452 | D:5      | Reached XP level 7. HP: 51/61 MP: 7/7
  3636 | D:5      | Found a bloodstained altar of Trog.
  3636 | D:5      | Found an iron altar of Okawaru.
  3646 | D:5      | Became a worshipper of Trog the Wrathful
  3935 | D:5      | Reached skill level 7 in Axes
  3935 | D:5      | Reached skill level 5 in Armour
  3935 | D:5      | Reached skill level 5 in Shields
  4089 | D:5      | Reached XP level 8. HP: 68/70 MP: 8/8
  4111 | D:5      | Reached skill level 1 in Evocations
  4388 | D:5      | Reached skill level 8 in Axes
  4570 | D:5      | Noticed Sigmund
  4608 | D:5      | Killed Sigmund
  4609 | D:5      | Reached XP level 9. HP: 29/78 MP: 9/9
  4835 | D:5      | Found a basalt altar of Yredelemnul.
  5243 | D:5      | Reached skill level 9 in Axes
  5347 | D:6      | Reached * piety under Trog
  5651 | D:6      | Noticed a two-headed ogre
  5656 | D:6      | Killed a two-headed ogre
  5676 | D:6      | Identified the +6 war axe of Purpose {vorpal, rF++}
  5977 | D:6      | Noticed Eustachio
  5995 | D:6      | Killed Eustachio
  6077 | D:6      | Identified the +0 scale mail of Narusy {Int+8}
  6077 | D:6      | Identified the +1 buckler of Untold Secrets {+Blink Dex+4}
  6077 | D:6      | Noticed LabCoat's ghost (novice HOFi)
  6149 | D:6      | Found a transporter.
  6155 | D:6      | Found a transporter.
  6208 | D:6      | Reached skill level 10 in Axes
  6297 | D:6      | Found a sacrificial altar of Ru.
  6403 | D:6      | Found an ornate altar of the Wu Jian Council.
  6404 | D:6      | Identified a scroll of acquirement
  6572 | D:7      | Reached XP level 10. HP: 47/81 MP: 10/10
  6750 | D:7      | Found a burning altar of Makhleb.
  6775 | D:7      | Found a radiant altar of Vehumet.
  6906 | D:7      | Found a staircase to the Ecumenical Temple.
  6924 | Temple   | Entered the Ecumenical Temple
  7145 | D:7      | Reached ** piety under Trog
  7249 | D:7      | Found a shimmering blue altar of Sif Muna.
  7396 | D:7      | Found a runed translucent door.
  7464 | D:7      | Got Sif Muna's Meditations on Conjuration
  8020 | D:7      | Found a roughly hewn altar of Beogh.
  8134 | D:8      | Found a staircase to the Lair.
  8148 | D:8      | Reached skill level 11 in Axes
  8170 | D:8      | Reached skill level 5 in Throwing
  8201 | D:8      | Reached *** piety under Trog
  8263 | D:8      | Reached skill level 5 in Evocations
  8286 | D:8      | Killed from afar by an orc priest

Illustrated notes

Levels and vault maps discovered:
D:1:      sevenhm_arrival_forest_fort_large_4, layout_loops_ring,
          chequers_ecumenical_altar_grove, minivault_24
D:2:      layout_basic, grunt_ministairs_13
D:3:      layout_loops_corners
D:4:      layout_basic, nicolae_dithmenos_the_darkroom,
          nicolae_shop_firing_range
D:5:      layout_basic, grunt_temple_overflow_bloody_war,
          yredelemnul_forgotten_temple_becter, minmay_divided_ellipse,
          uniq_sigmund
D:6:      layout_loops_ring, nzn_wu_jian_council_hall,
          nicolae_ru_sacrificial_ziggurat, gammafunk_ghost_gnarly_gnolls,
          uniq_eustachio
D:7:      layout_cave_pools, led_sif_book, vehumet_statue,
          general_overflow_altar, minmay_temple_entry_glass,
          minmay_misc_feat_hallway, lightli_church_of_beogh
D:8:      layout_layer_cave, minmay_lair_entry_grove, enter_bailey_3,
          uniq_prince_ribbit1, uniq_erica
Temple:   nicolae_temple_bog_church

Skill      XL: |  1  2  3  4  5  6  7  8  9 10 |
---------------+-------------------------------+-----
Axes           | 3 4 5 6 7 8 10 11 | 11.8
Fighting       | 4 5 6 7 8 |  8.4
Armour         | 4 5 6 7 |  7.7
Shields        | 4 5 6 7 |  7.6
Throwing       | 1 2 3 4 5 |  5.3
Evocations     | 2 3 5 |  5.1

Action                   |  1- 3 |  4- 6 |  7- 9 | 10-12 || total
-------------------------+-------+-------+-------+-------++-------
Melee: War axe           |   132 |   108 |   265 |   163 ||   668
Throw: Dart              |       |    20 |    27 |     2 ||    49
       Javelin           |       |       |     3 |     3 ||     6
Invok: Berserk           |       |       |     2 |     2 ||     4
       Trog's Hand       |       |       |       |     2 ||     2
Evoke: Wand              |       |       |     3 |       ||     3
  Use: Scroll            |     8 |     2 |     9 |     8 ||    27
       Potion            |     1 |     1 |     6 |     4 ||    12
 Stab: Invisible         |       |       |     1 |       ||     1
Armor: Scale mail        |    58 |       |       |       ||    58
       Plate armour      |     7 |    60 |   135 |    46 ||   248
Dodge: Dodged            |    60 |    30 |    70 |    31 ||   191
Block: Buckler           |    31 |    20 |   128 |    63 ||   242
       Reflection        |       |     1 |       |     3 ||     4
